 Dungeon Crawl Stone Soup version 0.26-a0-37-g50178cf (webtiles) character file.

Game seed: 15231766666171786872, levelgen mode: deterministic

37 Faca the Skirmisher (level 3, 0/49 HPs)
             Began as a Draconian Berserker on May 30, 2020.
             Was a Believer of Trog.
             Slain by a hobgoblin (3 damage)
             ... on level 2 of the Dungeon.
             The game lasted 00:02:25 (956 turns).

Faca the Skirmisher (Draconian Berserker)            Turns: 956, Time: 00:02:26

Health: 0/49       AC: 21    Str: 20    XL:     3   Next: 23%
Magic:  3/3        EV:  2    Int:  7    God:    Trog [**....]
Gold:   55         SH:  0    Dex: 10    Spells: 2/2 levels left

rFire    . . .     SeeInvis .   a - +1 mace
rCold    . . .     Gourm    .   (no shield)
rNeg     + + +     Faith    .   (armour unavailable)
rPois    +         Spirit   .   (helmet currently unavailable)
rElec    .         Reflect  .   (cloak currently unavailable)
rCorr    .         Harm     .   (gloves currently unavailable)
MR       .....     NoTele   +   (boots currently unavailable)
Stlth    +.........             (no amulet)
HPRegen  0.16/turn              (no ring)
MPRegen  0.08/turn              (no ring)

@: tree-form (expiring), berserk cooldown, stab, slowed, very slow
A: unfitting armour, AC +5
a: Berserk, Trog's Hand, Renounce Religion


You were on level 2 of the Dungeon.
You worshipped Trog.
Trog was pleased with you.
You were very hungry.
You were a tree.
You visited 1 branch of the dungeon, and saw 2 of its levels.

You collected 55 gold pieces.

Inventory:

Hand Weapons
 a - a +1 mace (weapon)
Scrolls
 f - a scroll of magic mapping
 i - 2 scrolls of enchant weapon
Comestibles
 b - a ration
 d - 2 chunks of flesh


   Skills:
 + Level 4.1 Fighting
 + Level 3.7 Maces & Flails
 - Level 2.6 Dodging


You had 2 spell levels left.
You didn't know any spells.
Your spell library was empty.

Dungeon Overview and Level Annotations

Branches:
Dungeon (2/15)

Altars:

Annotations:
D:2 Robin


Innate Abilities, Weirdness & Mutations

((Your plain brown scales are hard. (AC +5)))
You cannot fit into any form of body armour.
((You are cold-blooded and may be slowed by cold attacks.))


Message History

Robin throws the goblin at you! The hobgoblin hits you.
* * * LOW HITPOINT WARNING * * *
The hobgoblin hits you but does no damage.
The goblin barely misses you. The goblin hits you.
* * * LOW HITPOINT WARNING * * *
Robin throws the goblin at you!
You closely miss the hobgoblin.
The hobgoblin is heavily wounded.
The hobgoblin hits you but does no damage. x2
The goblin hits you but does no damage. x3
The hobgoblin hits you but does no damage. x2
The goblin hits you but does no damage. x3
You closely miss the hobgoblin.
The hobgoblin is heavily wounded.
Robin points. "Kill!"
The hobgoblin hits you but does no damage. x2
The goblin hits you but does no damage. x3
The hobgoblin hits you but does no damage.
The hobgoblin hits you.
You die...

#.###.. #..# #...[.. #..#
#..##.# #..# #..##.# #..#
#[.##.## #$.# #......## ##..#
##..###.###########...# .#
#..# #......ggg....#.######..#
##.###.###..g♣gg.............#
#.......#.#######..).....###
#####...###.#.# #†#)####.#
..<.....# #...#######.#.# ..
#####.#.#
#...........#gg.gg....g
#.......####################g
########


You could see Robin, 2 hobgoblins and 3 goblins.

Vanquished Creatures
  A dart slug (D:2)
  2 leopard geckos (D:1)
  2 giant cockroaches (D:1)
  8 goblins
  4 hobgoblins
  3 kobolds (D:1)
  6 bats (D:1)
  A frilled lizard (D:1)
  2 rats
29 creatures vanquished.

Notes
Turn   | Place    | Note
-------+----------+-------------------------------------------
     0 | D:1      | Faca the Draconian Berserker began the quest for the Orb.
     0 | D:1      | Reached XP level 1. HP: 19/19 MP: 1/1
   300 | D:1      | Reached XP level 2. HP: 20/26 MP: 2/2
   732 | D:1      | Reached skill level 4 in Fighting
   921 | D:2      | Noticed Robin
   932 | D:2      | Reached XP level 3. HP: 33/33 MP: 3/3
   952 | D:2      | Reached ** piety under Trog
   954 | D:2      | HP: 2/49 [goblin[Robin] (1)]
   956 | D:2      | Slain by a hobgoblin

Illustrated notes

Levels and vault maps discovered:
D:1:      ncdulo_smallfort, layout_rooms
D:2:      layout_loops_ring, old_standard_altar, grunt_qazlal_clouds, uniq_robin

Skill      XL: |  1  2 |
---------------+-------+-----
Fighting       | 4 |  4.1
Maces & Flails | |  3.7
Dodging        | |  2.6

Action                   || total
-------------------------++-------
Melee: Mace              ||    96
       Tailslap          ||     7
Invok: Berserk           ||     1
  Use: Scroll            ||     4
       Potion            ||     2
Armor: Skin              ||    96
Dodge: Dodged            ||   104

Table legend:
 A = Non-vault XP
 B = Vault XP
 C = Vault XP percentage of total XP
 D = Non-vault monster count
 E = Vault monster count
 F = Vault count percentage of total count
                 A         B        C        D         E       F
            +---------+---------+-------+---------+---------+-------
      Total |      41 |      13 |  24.1 |      22 |       7 |  24.1
            +---------+---------+-------+---------+---------+-------
        D:1 |      36 |       0 |   0.0 |      20 |       0 |   0.0
        D:2 |       5 |      13 |  72.2 |       2 |       7 |  77.8
            +---------+---------+-------+---------+---------+-------
